 Dungeon Crawl Stone Soup version 0.29-a0-284-gf9362112df (webtiles) character file.

Game seed: 9630023872159583128

99 drugrobin the Chopper (level 4, -3/38 HPs)
             Began as a Demigod Fighter on Mar 16, 2022.
             Slain by Natasha (4 damage)
             ... on level 3 of the Dungeon.
             The game lasted 00:04:39 (2561 turns).

drugrobin the Chopper (Demigod Fighter)             Turns: 2561, Time: 00:04:40

Health: -3/38      AC:  8    Str: 21    XL:     4   Next: 22%
Magic:  6/6        EV:  7    Int: 10    God:
Gold:   177        SH:  4    Dex: 13    Spells: 3/3 levels left

rFire   . . .      SeeInvis .   c - +1 whip (venom)
rCold   . . .      Faith    .   u - +0 buckler
rNeg    . . .      Spirit   .   j - +0 chain mail
rPois   .          Reflect  .   (no helmet)
rElec   .          Harm     .   (no cloak)
rCorr   .          Rampage  .   (no gloves)
Will    .....                   (no boots)
Stlth   ..........              (no amulet)
HPRegen 0.12/turn               (no ring)
MPRegen 0.10/turn               (no ring)

@: no status effects
A: high MP 1, forlorn, divine attributes
a: no special abilities


You were on level 3 of the Dungeon.
You visited 1 branch of the dungeon, and saw 3 of its levels.

You collected 177 gold pieces.

Inventory:

Hand Weapons
 a - a +0 war axe
 b - a +0 hunting sling
 c - a +1 whip of venom (weapon)
 o - a +0 hand axe
Missiles
 e - 40 stones (quivered)
 r - 3 poisoned darts
Armour
 j - a +0 chain mail (worn)
 k - a +0 scale mail
 u - a +0 buckler (worn)
Jewellery
 t - a ring of fire
Scrolls
 f - a scroll of amnesia {unknown}
 h - 2 scrolls of identify {unknown}
 l - 2 scrolls of noise {unknown}
 m - 3 scrolls of fear {unknown}
 q - a scroll of immolation {unknown}
Potions
 d - a potion of might
 g - a potion of haste
 p - a potion of curing {unknown}
 s - a potion of brilliance {unknown}


   Skills:
 + Level 3.5 Fighting
 * Level 3.6 Axes
 - Level 2.6 Armour
 - Level 2.6 Shields


You had 3 spell levels left.
You didn't know any spells.
Your spell library contained the following spells:

 Spells                   Type           Power      Damage    Failure   Level
 Ensorcelled Hibernation  Hex/Ice        0%         N/A       100%        2
 Spider Form              Tmut/Pois      0%         N/A       100%        3
 Anguish                  Hex/Necr       0%         N/A       100%        4


Dungeon Overview and Level Annotations

Branches:
Dungeon (3/15)

Annotations:
D:3 Natasha


Innate Abilities, Weirdness & Mutations

You have an increased reservoir of magic. (+10% MP)
You shall have no god before yourself.
Your divine heritage dramatically boosts your attributes as you level up.


Message History

The crimson imp hits you but does no damage.
Unknown command.
Unknown command.
Unknown command.
You barely miss Natasha.
Natasha is moderately wounded.
Natasha claws you but does no damage.
The crimson imp hits you but does no damage.
Unknown command.
Unknown command.
Unknown command.
You hit Natasha.
Natasha looks even sicker.
Natasha is heavily wounded.
Natasha zaps a wand.
The puff of flame hits you!
* * * LOW HITPOINT WARNING * * *
The crimson imp blinks!
Unknown command.
Unknown command.
Unknown command.
You completely miss Natasha.
Natasha is heavily wounded.
Natasha zaps a wand.
The puff of flame hits you.
* * * LOW HITPOINT WARNING * * *
Unknown command.
Unknown command.
Unknown command.
Unknown command.
Unknown command.
You hit Natasha but do no damage.
Natasha is heavily wounded.
Natasha zaps a wand.
The puff of flame hits you.
* * * LOW HITPOINT WARNING * * *
Unknown command.
Unknown command.
Unknown command.
Unknown command.
Unknown command.
Unknown command.
It was a potion of magic.
Magic courses through your body. Natasha claws you.
You die...

#.##....# #.#.#....#.# #.##.##.#
#.#.#.##.#.######## #.##.##.#
#.#.#.##..........#
#.##.##.####.....####.######.#
####.##.##..........# #.# #.#
........#...###.>..#####.# #.#
.###...........5#.......<# #.#
.................h.####### #.#
P##+#P.#####....@P.# #.#
#..#...#######.# ####.#
#..'.†)'..# #.# ##.##..
.####..#####..# #.########.#.#..
...........####+##.........###..#
.........8..................#...#
...#+###..............######.####
##+ ####..####..#.## #.# #
#..#..#....# #.# #


You could see Natasha (very poisoned) and a crimson imp (summoned).

Vanquished Creatures
  Natasha (D:3)
  A gnoll (D:1)
  3 dart slugs
  An orc (D:3)
  6 bats
  5 endoplasms
  3 giant cockroaches
  2 goblins
  6 hobgoblins
  5 quokkas
  8 ball pythons
  2 frilled lizards (D:1)
  8 kobolds
  4 rats
  A spectral goblin (D:2)
56 creatures vanquished.

Notes
Turn   | Place    | Note
-------+----------+-------------------------------------------
     0 | D:1      | drugrobin the Demigod Fighter began the quest for the Orb.
     0 | D:1      | Reached XP level 1. HP: 18/18 MP: 3/3
   147 | D:1      | Reached XP level 2. HP: 12/25 MP: 4/4
   842 | D:1      | Reached XP level 3. HP: 31/31 MP: 5/5
  2326 | D:3      | Noticed Natasha
  2337 | D:3      | Killed Natasha
  2338 | D:3      | Reached XP level 4. HP: 38/38 MP: 6/6
  2548 | D:3      | Noticed Natasha
  2560 | D:3      | HP: 1/38 [Natasha/puff of flame (6)]
  2561 | D:3      | Slain by Natasha

Illustrated notes

Levels and vault maps discovered:
D:1:      lightli_arrival_boilingwater, layout_basic
D:2:      layout_loops_ring, dreamdust_ecumenical_altar_drowned_temple
D:3:      corexii_shack_village, layout_loops_ring, amcnicky_altar_gilded,
          dk_noncrumbling_4, minivault_23, uniq_natasha

Skill      XL: |  1  2  3 |
---------------+----------+-----
Axes           | 2 3 |  3.6
Fighting       | 3 |  3.5
Armour         | |  2.6
Shields        | |  2.6

Action                   |  1- 3 |  4- 6 || total
-------------------------+-------+-------++-------
Melee: War axe           |   111 |     3 ||   114
       Whip              |       |    10 ||    10
 Fire: Hunting sling     |    33 |       ||    33
Throw: Stone             |     7 |       ||     7
  Use: Potion            |       |     2 ||     2
Armor: Scale mail        |    17 |       ||    17
       Chain mail        |    32 |     3 ||    35
Dodge: Dodged            |    52 |     8 ||    60
Block: Buckler           |    22 |     1 ||    23

Table legend: (Time is in decaauts)
 A = Elapsed time spent in this place.
 B = Non-inter-level travel time spent in this place.
 C = Inter-level travel time spent in this place.
 D = Time resting spent in this place.
 E = Time spent auto-exploring this place.
 F = Levels seen in this place.
 G = Mean time per level.
                   A        B        C        D        E       F      G
               +--------+--------+--------+--------+--------+-----+--------+
         Total |   2633 |   2527 |    106 |    250 |   1663 |   3 |  877.7 |
       Dungeon |   2633 |   2527 |    106 |    250 |   1663 |   3 |  877.7 |
               +--------+--------+--------+--------+--------+-----+--------+

Top non-repeatable levels by time:
     D:1: 1051 daAuts
     D:2: 1002 daAuts
     D:3: 579 daAuts
